AoeStats
← ObscureMorgoth7

Nomad

505190794Analyzed
2v2 RM · 25d ago on Sep 8, 2026· 55m 9s· 4 players
Game mode
Random Map
Map size
176×176
Population
200
Speed
Normal
Resources
Standard
Victory
Conquest
Starting age
Dark Age
Ending age
Imperial Age
RankedLock teamsTeams togetherTeam positionsShared explorationLock speedFull tech treeHidden civsTurbo modeCheats
Victory
Defeat
🇵🇪 Huns · Peru
1004
+15
🇨🇿 Persians · Czechia
962
+17
🇲🇽 Saracens · Mexico
991
-45
🇲🇽 Mongols · Mexico
991
-45
ObscureMorgoth7
13:56 Feudal Age
12:15 Loom
14:01 Feudal Age
18:13 Bloodlines
18:29 Double-Bit Axe
19:38 Forging
20:39 Scale Barding Armor
26:11 Castle Age
39:37 Husbandry
41:38 Iron Casting
41:31 Chain Barding Armor
43:43 Town Watch
44:06 Fletching
44:19 Padded Archer Armor
44:56 Bodkin Arrow
51:32 Imperial Age
50:37 Light Cavalry
51:48 Stone Mining
51:51 Gold Mining
52:55 Conscription
53:34 Stone Mining
Osukay
15:13 Feudal Age
14:50 Loom
20:47 Castle Age
19:20 Town Watch
20:10 Stone Mining
39:00 Forging
44:34 Wheelbarrow
44:56 Iron Casting
47:32 Scale Barding Armor
53:18 Imperial Age
Lion10K
2:55 Loom
14:45 Feudal Age
20:43 Castle Age
19:15 Stone Mining
20:02 Gold Mining
20:15 Fletching
32:04 Padded Archer Armor
33:30 Wheelbarrow
41:35 Double-Bit Axe
43:09 Gold Shaft Mining
43:15 Horse Collar
43:49 Bow Saw
44:13 Hand Cart
44:42 Heavy Plow
47:11 Town Watch
47:58 Town Patrol
51:57 Imperial Age
50:51 Light Cavalry
51:50 Scale Barding Armor
52:28 Forging
52:19 Hussar
53:02 Husbandry
53:56 Chain Barding Armor
54:16 Iron Casting
53:58 Bloodlines
53:57 Town Patrol
55:55 Two-Man Saw
56:18 Plate Barding Armor
56:47 Blast Furnace
fuckmatchmake
7:18 Loom
13:44 Feudal Age
17:56 Castle Age
16:38 Fishing Lines
17:13 Horse Collar
18:29 Bloodlines
18:38 Double-Bit Axe
20:18 Bloodlines
21:24 Forging
23:23 Wheelbarrow
23:13 Town Watch
25:07 Hand Cart
25:40 Bow Saw
25:57 Heavy Plow
27:35 Scale Barding Armor
28:06 Iron Casting
32:02 Imperial Age
30:45 Gillnets
32:11 Chain Barding Armor
34:41 Two-Man Saw
34:14 Gold Mining
35:43 Plate Barding Armor
36:10 Blast Furnace
37:35 Light Cavalry
37:36 Cavalier
38:57 Town Patrol
39:07 Husbandry
38:59 Fletching
39:10 Padded Archer Armor
38:33 Elite Skirmisher
40:10 Bodkin Arrow
42:14 Gold Shaft Mining
41:30 Stone Mining
41:36 Crossbowman
42:22 Thumb Ring
42:22 Kamandaran
44:55 Ballistics
45:36 Chemistry
45:29 Citadels
45:34 Savar
45:38 Hussar
46:52 Crop Rotation
47:31 Leather Archer Armor
50:56 Hoardings
50:42 Conscription
52:37 Ring Archer Armor
52:08 Scale Mail Armor
53:55 Stone Shaft Mining
Connection lost

Rejoining the realm…

Still unreachable

The connection could not be restored.

Session expired

The server has moved on; the page needs a fresh start.